 Dungeon Crawl Stone Soup version 0.31-a0-1161-g593ecc88b7 (webtiles) character file.

Game seed: 14369762336174742915

27830 inmateoo the Cruncher (level 13, 0/103 HPs)
             Began as a Formicid Fighter on Dec 8, 2023.
             Was an Initiate of Gozag.
             Slain by a komodo dragon (15 damage)
             ... on level 13 of the Dungeon.
             The game lasted 00:19:05 (14660 turns).

inmateoo the Cruncher (Formicid Fighter)           Turns: 14660, Time: 00:19:06

Health: 0/103      AC: 27    Str: 24    XL:     13   Next: 68%
Magic:  13/13      EV: 14    Int:  8    God:    Gozag
Gold:   3590       SH:  7    Dex: 15    Spells: 12/12 levels left

rFire   + . .        f - +3 Elemental Staff {ele, rElec rF+ rC+ AC+3}
rCold   + + .        c - +0 buckler
rNeg    . . .        C - +2 plate armour {rC+}
rPois   .            (helmet unavailable)
rElec   +            e - +1 cloak of Starlight {*Dazzle EV+4 Stlth--}
rCorr   .            (no gloves)
SInv    +            L - +0 pair of boots {Fly}
Will    +....        a - amulet of regeneration Stlth
                     B - +4 ring of slaying
HPRegen 1.17/turn    h - +4 ring of protection
MPRegen 0.13/turn

%: no passive effects
@: flying
A: permanent stasis, dig shafts and tunnels, antennae 3, four strong arms
a: Dig, Shaft Self, Renounce Religion, Potion Petition, Call Merchant, Bribe
Branch


You were on level 13 of the Dungeon.
You worshipped Gozag.
Gozag was most pleased with you.
You visited 2 branches of the dungeon, and saw 14 of its levels.
You also visited: Sewer and Ossuary.

You collected 3671 gold pieces.
You paid 81 gold pieces to Gozag.

Inventory:

Hand Weapons
 f - the +3 Elemental Staff (weapon) {ele, rElec rF+ rC+ AC+3}
   (You acquired it on level 12 of the Dungeon)

   AC+3:      It affects your AC (+3).
   rF+:       It protects you from fire.
   rC+:       It protects you from cold.
   rElec:     It insulates you from electricity.
Missiles
 D - 2 throwing nets (quivered)
Armour
 c - a +0 buckler (worn)
 e - the +1 cloak of Starlight (worn) {*Dazzle EV+4 Stlth--}
   (You acquired it on level 1 of the Dungeon)

   *Dazzle:   It may blind those who miss an attack against the wearer in melee
   combat.
   EV+4:      It affects your evasion (+4).
   Stlth--:   It makes you much less stealthy.
 C - a +2 plate armour of cold resistance (worn)
 L - a +0 pair of boots of flying (worn)
Jewellery
 a - an amulet of regeneration (around neck)
 b - a ring of poison resistance
 g - an amulet of the acrobat
 h - a +4 ring of protection (right hand)
 p - a ring of positive energy
 B - a +4 ring of slaying (left hand)
 M - a ring of magical power
 N - the ring "Xuuf" {rN+++ rCorr Int+3 Dex-5}
   (You took it off an occultist on level 12 of the Dungeon)

   [ring of resist corrosion]

   Int+3:     It affects your intelligence (+3).
   Dex-5:     It affects your dexterity (-5).
   rN+++:     It renders you almost immune to negative energy.
   rCorr:     It protects you from acid and corrosion.
Wands
 n - a wand of charming (13)
 x - a wand of digging (2)
 F - a wand of roots (4)
Scrolls
 o - 3 scrolls of enchant armour
 q - 4 scrolls of amnesia
 r - a scroll of immolation {unknown}
 y - 2 scrolls of revelation
 G - a scroll of brand weapon
 H - a scroll of enchant weapon
 J - a scroll of identify
 O - 2 scrolls of blinking {unknown}
Potions
 d - 8 potions of curing
 i - 3 potions of brilliance
 j - 4 potions of heal wounds
 k - 2 potions of mutation
 l - 2 potions of resistance
 m - 3 potions of lignification
 s - 8 potions of haste {unknown}
 t - 4 potions of might
 u - a potion of ambrosia {unknown}
 w - 2 potions of cancellation {unknown}
 z - 2 potions of magic {unknown}
 A - 3 potions of invisibility {unknown}
 K - a potion of enlightenment {unknown}


   Skills:
 + Level 10.2 Fighting
 * Level 12.6 Staves
 + Level 10.2 Armour
 + Level 7.9 Dodging
 - Level 5.0 Stealth
 + Level 11.8 Shields
 * Level 6.3 Evocations


You had 12 spell levels left.
You didn't know any spells.
Your spell library contained the following spells:

 Spells                   Type           Power      Damage    Failure   Level
 Freeze                   Ice            0%         1d3       99%         1
 Magic Dart               Conj           0%         1d3       99%         1
 Necrotise                Necr           0%         1d4       99%         1
 Shock                    Conj/Air       0%         1d3       99%         1
 Slow                     Hex            0%         N/A       99%         1
 Call Imp                 Summ           0%         N/A       100%        2
 Cigotuvi's Dreadful Rot  Necr/Pois/Air  0%         N/A       100%        2
 Frozen Ramparts          Ice            0%         1d1       100%        3
 Hailstorm                Conj/Ice       0%         3d5       100%        3
 Mephitic Cloud           Conj/Pois/Air  0%         N/A       100%        3
 Vampiric Draining        Necr           0%         2d6       100%        3
 Airstrike                Air            0%         2d(0-16)  100%        4
 Agony                    Necr           0%         N/A       100%        5
 Swiftness                Air            Unusable   N/A       N/A         3

Dungeon Overview and Level Annotations

Branches:
Dungeon (13/15)            Temple (1/1) D:4            Lair (0/5) D:9
    Orc (0/2) D:11          Sewer (visited)         Ossuary (visited)
 Vaults: D:13-14

Altars:
Ashenzari
Cheibriados
Dithmenos
Elyvilon
Fedhas
Gozag
Hepliaklqana
Kikubaaqudgha
Makhleb
Nemelex Xobeh
Okawaru
Qazlal
Ru
Sif Muna
Trog
Uskayaw
Vehumet
Wu Jian
Xom
Yredelemnul
Zin
The Shining One

Shops:
D:3 (   D:7 (   D:10 =

Annotations:
D:4 2 transporters, AceOff's ghost, weakling OpSh
D:12 Rupert
D:13 Frances


Innate Abilities, Weirdness & Mutations

You cannot be hasted, slowed, berserked, paralysed or teleported.
You can dig through walls and to a lower floor.
You have a pair of large antennae on your head. (SInv)
Your four strong arms can wield two-handed weapons with a shield.


Message History

Rupert is heavily wounded.
The grasping roots constrict Rupert!
Rupert roars madly and goes into a rage!
Rupert goes berserk!
The grasping roots constrict Rupert.
The roots release their grip on Rupert.
Rupert rages.
Rupert attacks as he pursues you!
Rupert hits you with a +5 great mace of protection!!
Rupert hits you with a +5 great mace of protection.
Rupert hits you with a +5 great mace of protection!
You see here a throwing net.
D - 2 throwing nets (gained 1) Rupert hits you but does no damage.
Rupert barely misses you.
You bump into the rock wall.
Rupert hits you with a +5 great mace of protection!
Rupert hits you with a +5 great mace of protection!
Rupert misses you.
You feel less confused. Rupert closely misses you.
A komodo dragon comes into view.
The komodo dragon hisses angrily.
Rupert hits you with a +5 great mace of protection!!
* * * LOW HITPOINT WARNING * * *
The komodo dragon bites you!
* * * LOW HITPOINT WARNING * * *
Rupert rages.
The komodo dragon attacks as it pursues you!
The komodo dragon completely misses you.
The komodo dragon's sight is seared by the starlight!
The komodo dragon bites you but does no damage.
There is a stone staircase leading down here.
The komodo dragon bites you!
* * * LOW HITPOINT WARNING * * *
You fly downwards.
Frances shouts!
The brown ugly thing gurgles horribly!
You hear a shout!
Found 22 gold pieces.
There is a stone staircase leading up here.
The komodo dragon is no longer blind.
The komodo dragon bites you!
You die...
Your body crumbles into a pile of gold.

###########
#.........#
#.........#
##......l..#
....$..@.@.#
.#.........#
#.........#
.....#.#####
####u.. ###.
#. ..


You could see Frances, a brown ugly thing and a komodo dragon.

Vanquished Creatures
  Gastronok (D:12)
  A great orb of eyes (D:12)
  An ice dragon (D:12)
  An ogre mage (D:12)
  A centaur warrior (D:12)
  3 boulder beetles
  3 two-headed ogres
  An occultist (D:12)
  An ugly thing (D:12)
  4 deep elf pyromancers (D:12)
  3 cyclopes
  2 manticores (D:12)
  Joseph (D:9)
  Jeremiah (D:6)
  5 gargoyles
  2 unseen horrors
  5 kobold demonologists
  3 efreet
  A tengu conjurer (D:6)
  A komodo dragon (D:12)
  A troll (D:10)
  A slime creature (D:12)
  2 shadows (D:12)
  3 wraiths
  2 vampires (D:12)
  A basilisk (D:12)
  3 steam dragons
  21 yaks
  3 vampire mosquitoes (D:12)
  Menkaure (D:5)
  3 acid dragons
  A water moccasin (D:5)
  2 sky beasts
  3 black bears (D:6)
  A swamp drake (D:11)
  4 ogres
  4 orc warriors
  12 centaurs
  3 kobold brigands
  4 bullfrogs
  A gnoll sergeant (D:12)
  5 water moccasin zombies
  2 scorpions
  8 wights
  6 howler monkeys
  5 hounds
  A jelly (D:5)
  11 orc priests
  A spectral scorpion (Ossuary)
  5 iguanas
  14 orc wizards
  2 crocodile zombies (Ossuary)
  A hound zombie (D:5)
  2 mummies (Ossuary)
  19 adders
  4 river rats (Sewer)
  2 shadow imps (D:6)
  6 ufetubi
  4 adder zombies (Ossuary)
  A worm (D:2)
  4 dart slugs
  48 orcs
  13 ball pythons
  An endoplasm (D:3)
  2 giant cockroaches (D:2)
  3 gnoll zombies (Ossuary)
  5 goblins
  2 hobgoblins
  16 kobolds
  2 quokkas
  4 bats
  6 frilled lizards
  9 hobgoblin zombies (Ossuary)
  6 kobold zombies (Ossuary)
  2 orc zombies (Ossuary)
  26 rats
365 creatures vanquished.

Vanquished Creatures (others)
  An ugly thing (D:12)
1 creature vanquished.

Grand Total: 366 creatures vanquished

Notes
Turn   | Place    | Note
-------+----------+-------------------------------------------
     0 | D:1      | inmateoo the Formicid Fighter began the quest for the Orb.
     0 | D:1      | Reached XP level 1. HP: 18/18 MP: 1/1
    94 | D:1      | Reached XP level 2. HP: 24/24 MP: 2/2
   773 | D:1      | Identified a scroll of acquirement
   773 | D:1      | Acquired the +1 cloak of Starlight {*Dazzle EV+4 Stlth--}
   773 | D:1      | Found the +1 cloak of Starlight {*Dazzle EV+4 Stlth--}
   875 | D:2      | Reached XP level 3. HP: 29/29 MP: 3/3
  1027 | D:2      | Reached skill level 1 in Dodging
  1450 | D:3      | Found a faded altar of an unknown god.
  1455 | D:3      | Reached XP level 4. HP: 37/37 MP: 4/4
  1757 | D:3      | Identified the +1 ring mail of Defiance {*Corrode rC+ Will+
                  | Str+5}
  1788 | D:3      | Found Addusyih's Weapon Shoppe.
  1792 | D:3      | Reached skill level 3 in Staves
  2211 | D:4      | Reached XP level 5. HP: 36/42 MP: 5/5
  2334 | D:4      | Found a transporter.
  2336 | D:4      | Noticed AceOff's ghost (weakling OpSh)
  2855 | D:4      | Found a transporter.
  2955 | D:4      | Reached XP level 6. HP: 46/46 MP: 6/6
  3065 | D:4      | Noticed an ogre
  3071 | D:4      | Killed an ogre
  3072 | D:4      | Reached skill level 4 in Staves
  3072 | D:4      | Reached skill level 5 in Shields
  3148 | D:4      | Found a staircase to the Ecumenical Temple.
  3175 | Temple   | Entered the Ecumenical Temple
  3180 | Temple   | Became a worshipper of Gozag Ym Sagoz the Greedy
  3400 | D:5      | Entered Level 5 of the Dungeon
  3400 | D:5      | Noticed an ogre
  3435 | D:5      | Noticed a water moccasin
  3459 | D:5      | Killed a water moccasin
  3460 | D:5      | Reached XP level 7. HP: 27/55 MP: 7/7
  3567 | D:5      | Found a sand-covered staircase.
  3572 | Ossuary  | Entered an ossuary
  3620 | Ossuary  | Reached skill level 5 in Staves
  3701 | Ossuary  | Reached XP level 8. HP: 51/61 MP: 8/8
  3754 | Ossuary  | Reached skill level 5 in Fighting
  3754 | Ossuary  | Reached skill level 5 in Armour
  4066 | D:5      | Found a broken altar of Ashenzari.
  4174 | D:5      | Noticed Menkaure
  4368 | D:5      | Killed Menkaure
  4408 | D:5      | Reached skill level 6 in Staves
  4419 | D:5      | Found a basalt altar of Yredelemnul.
  4826 | D:6      | Found a glowing drain.
  4860 | Sewer    | Entered a sewer
  5083 | Sewer    | Reached XP level 9. HP: 69/69 MP: 9/9
  5309 | D:6      | Found a shimmering blue altar of Sif Muna.
  5494 | D:6      | Reached skill level 7 in Staves
  5661 | D:6      | Noticed Jeremiah
  5824 | D:6      | Killed Jeremiah
  6284 | D:6      | Noticed a tengu conjurer
  6295 | D:6      | Killed a tengu conjurer
  6296 | D:6      | Reached skill level 8 in Staves
  6296 | D:6      | Reached XP level 10. HP: 62/77 MP: 10/10
  7123 | D:7      | Reached skill level 5 in Dodging
  7167 | D:7      | Found Nonluo's Weapon Shop.
  7210 | D:7      | Found a hazy altar of Hepliaklqana.
  7273 | D:7      | Found a hide-covered altar of Uskayaw.
  8267 | D:8      | Found a shimmering altar of Xom.
  9305 | D:9      | Reached skill level 9 in Staves
  9621 | D:9      | Reached XP level 11. HP: 61/85 MP: 11/11
  9892 | D:9      | Noticed Joseph
  9903 | D:9      | Killed Joseph
 10226 | D:9      | Found a staircase to the Lair.
 10300 | D:10     | Entered Level 10 of the Dungeon
 10388 | D:10     | Reached skill level 10 in Staves
 10458 | D:10     | Found Teijod's Jewellery Shop.
 10604 | D:10     | Noticed a sixfirhy
 10661 | D:10     | Found a white marble altar of Elyvilon.
 10663 | D:10     | Found an ancient bone altar of Kikubaaqudgha.
 10693 | D:10     | Found a radiant altar of Vehumet.
 10695 | D:10     | Found a sacrificial altar of Ru.
 10982 | D:10     | Reached skill level 10 in Shields
 11480 | D:11     | Noticed a cyclops
 11499 | D:10     | Killed a cyclops
 11821 | D:11     | Noticed a boulder beetle
 11852 | D:11     | Killed a boulder beetle
 11853 | D:11     | Reached XP level 12. HP: 84/94 MP: 12/12
 11956 | D:11     | Found a staircase to the Orcish Mines.
 11975 | D:11     | Reached skill level 11 in Staves
 12177 | D:11     | Reached skill level 1 in Stealth
 13175 | D:12     | Acquired the +3 Elemental Staff {ele, rElec rF+ rC+ AC+3}
 13175 | D:12     | Found the +3 Elemental Staff {ele, rElec rF+ rC+ AC+3}
 13223 | D:12     | Noticed a two-headed ogre
 13228 | D:12     | Reached skill level 1 in Evocations
 13251 | D:12     | Noticed a centaur warrior
 13500 | D:12     | Killed a centaur warrior
 13570 | D:12     | Killed a two-headed ogre
 13579 | D:12     | Noticed a great orb of eyes
 13600 | D:12     | Killed a great orb of eyes
 13613 | D:12     | Noticed a sun demon
 13648 | D:12     | Identified the staff "Demonslayer" {rC+ Dex+4 Tloc Ice}
 13696 | D:12     | Reached XP level 13. HP: 88/102 MP: 13/13
 13721 | D:12     | Identified the +9 mace of Butchery {freeze, Contam Int+2
                  | Dex+5}
 13721 | D:12     | Identified the ring "Xuuf" {rN+++ rCorr Int+3 Dex-5}
 13858 | D:12     | Reached skill level 12 in Staves
 13927 | D:12     | Noticed an ogre mage
 13945 | D:12     | Killed an ogre mage
 13946 | D:12     | Reached skill level 5 in Evocations
 13953 | D:12     | Got the Monograph on Spectral Ill Luck
 13954 | D:12     | Identified the +1 scale mail "Gebloekh" {Fly rN+}
 13980 | D:12     | Identified the +5 sling of Cowardice {flame, rPois Str-4
                  | Stlth+}
 14038 | D:12     | Noticed an ice dragon
 14071 | D:12     | Killed an ice dragon
 14072 | D:12     | Reached skill level 10 in Fighting
 14133 | D:12     | Reached skill level 5 in Stealth
 14141 | D:12     | Reached skill level 10 in Armour
 14309 | D:12     | Noticed Rupert
 14310 | D:12     | Found a radiant altar of Vehumet.
 14310 | D:12     | Noticed Gastronok
 14488 | D:12     | Killed Gastronok
 14659 | D:13     | Noticed Frances
 14660 | D:13     | Slain by a komodo dragon

Illustrated notes

Levels and vault maps discovered:
D:1:      tarquinn_simple_flora_water_f, layout_basic, minmay_nonomino_d4
D:2:      layout_loops_ring
D:3:      layout_loops_ring, nicolae_ecumenical_snake_handling, serial_shops,
          shop
D:4:      minmay_wonky_spiral, layout_loops_ring,
          minmay_temple_entry_proselytizer, gammafunk_ghost_mausoleum
D:5:      layout_rooms, lemuel_zombie_altar_yredelemnul,
          nicolae_ashenzari_panopticon, enter_ossuary_5, uniq_menkaure
D:6:      hangedman_cross_stitches, layout_loops_corners,
          lemuel_coloured_pillars_altar,
          mainiacjoe_sewer_entry_somewhere_in_here_1, minmay_misc_feat_rows,
          grunt_ministairs_7, uniq_jeremiah
D:7:      layout_loops_corners, mainiacjoe_overflow_big_doors, serial_shops,
          shop, minmay_misc_feat_iff
D:8:      layout_gridville, mainiacjoe_overflow_concentric_impassable
D:9:      layout_grid_maze, lair_entry_dummy, uniq_joseph
D:10:     layout_basic, nicolae_overflow_hidden_temple, serial_shops, shop,
          enter_bailey_3
D:11:     layout_roguey, erik_orc_1, minmay_misc_feat_square,
          chequers_serial_rivers_large_a
D:12:     minmay_the_grid_octo_tiled_octocenter_mashed
          [minmay_the_grid_octo_checkerflower, minmay_the_grid_octo_fan_narrow,
          minmay_the_grid_octo_focus, minmay_the_grid_octo_teeth,
          minmay_the_grid_octo_prize_star,
          minmay_the_grid_square_5x5_broken_cross,
          minmay_the_grid_square_5x5_moneybag,
          minmay_the_grid_square_5x5_n_small,
          minmay_the_grid_square_5x5_inner_z], layout_basic,
          nicolae_vehumet_radiance, uniq_gastronok, uniq_rupert
D:13:     minmay_curly_fans, layout_rooms, david_vaults_4, uniq_frances,
          uniq_nessos, uniq_josephine
Temple:   nicolae_temple_bog_church

Skill      XL: |  1  2  3  4  5  6  7  8  9 10 11 12 13 |
---------------+----------------------------------------+-----
Dodging        | 1 2 3 4 5 6 7 |  7.9
Staves         | 3 4 5 6 8 9 10 11 12 | 12.6
Fighting       | 4 5 6 7 8 9 10 | 10.2
Armour         | 4 5 6 7 8 9 10 | 10.2
Shields        | 5 6 8 9 10 11 | 11.8
Stealth        | 4 5 |  5.0
Evocations     | 4 6 |  6.3

Action                     |  1- 3 |  4- 6 |  7- 9 | 10-12 | 13-15 || total
---------------------------+-------+-------+-------+-------+-------++-------
  Melee: Quarterstaff      |    58 |   124 |   478 |   542 |       ||  1202
         Staff             |       |       |       |   203 |   212 ||   415
  Throw: Throwing net      |       |       |       |       |     1 ||     1
Ability: Dig               |       |     1 |       |     2 |       ||     3
  Evoke: Wand              |       |       |     4 |       |    10 ||    14
    Use: Scroll            |     4 |     3 |     8 |     7 |     1 ||    23
         Potion            |       |     2 |       |       |       ||     2
   Stab: Invisible         |     1 |     6 |    23 |    27 |     8 ||    65
         Distracted        |       |       |     1 |     3 |       ||     4
         Petrifying        |       |       |       |     1 |       ||     1
 Armour: Scale mail        |    34 |    10 |       |       |       ||    44
         Chain mail        |       |    39 |   149 |   220 |    19 ||   427
         Plate armour      |       |       |       |    74 |    96 ||   170
  Dodge: Dodged            |    30 |    68 |   429 |   438 |    82 ||  1047
  Block: Buckler           |    10 |    32 |   148 |   184 |    38 ||   412

Table legend: (Time is in decaauts)
 A = Elapsed time spent in this place.
 B = Non-inter-level travel time spent in this place.
 C = Inter-level travel time spent in this place.
 D = Time resting spent in this place.
 E = Time spent auto-exploring this place.
 F = Levels seen in this place.
 G = Mean time per level.
                   A        B        C        D        E       F      G
               +--------+--------+--------+--------+--------+-----+--------+
         Total |  14552 |  13746 |    806 |   2519 |   7510 |  16 |  909.5 |
       Dungeon |  13715 |  12914 |    801 |   2404 |   7459 |  13 | 1055.0 |
        Temple |     10 |      5 |      5 |      0 |      0 |   1 |   10.0 |
         Sewer |    424 |    424 |      0 |      0 |     25 |   1 |  424.0 |
       Ossuary |    401 |    401 |      0 |    115 |     25 |   1 |  401.0 |
               +--------+--------+--------+--------+--------+-----+--------+

Top non-repeatable levels by time:
     D:9: 1816 daAuts
    D:11: 1477 daAuts
     D:6: 1451 daAuts
     D:7: 1242 daAuts
    D:12: 1230 daAuts
    D:10: 1201 daAuts
     D:3: 1102 daAuts
     D:4: 1044 daAuts
     D:5: 899 daAuts
     D:8: 795 daAuts
     D:1: 791 daAuts
     D:2: 662 daAuts
   Sewer: 424 daAuts
 Ossuary: 401 daAuts
  Temple: 10 daAuts
